 Dungeon Crawl Stone Soup version 0.24-a0-284-g9fb9971 (webtiles) character file.

Game seed: 1012187726860829807

63 Anon1729 the Ducker (level 3, -1/29 HPs)
             Began as a Vampire Monk on May 5, 2019.
             Slain by a worm (7 damage)
             ... on level 2 of the Dungeon.
             The game lasted 00:02:22 (1702 turns).

Anon1729 the Ducker (Vampire Monk)                  Turns: 1702, Time: 00:02:23

Health: -1/29      AC:  3    Str: 10    XL:     3   Next: 89%
Magic:  3/3        EV: 14    Int: 12    God:
Gold:   71         SH:  0    Dex: 17    Spells: 2/2 levels left

rFire    . . .     SeeInvis +   a - +0 falchion
rCold    . . .     Gourm    .   (no shield)
rNeg     . . .     Faith    .   b - +0 robe
rPois    .         Spirit   .   (no helmet)
rElec    .         Reflect  .   (no cloak)
rCorr    .         Harm     .   e - +0 pair of gloves
MR       .....                  (no boots)
Stlth    +++.......             (no amulet)
HPRegen  0.29/turn              (no ring)
MPRegen  0.08/turn              (no ring)

@: regenerating quickly
A: fangs 3, see invisible, unbreathing
a: no special abilities


You were on level 2 of the Dungeon.
You were full.

You visited 1 branch of the dungeon, and saw 2 of its levels.

You collected 71 gold pieces.

Inventory:

Hand Weapons
 a - a +0 falchion (weapon)
Armour
 b - a +0 robe (worn)
 e - a +0 pair of gloves (worn)
Scrolls
 c - a scroll of amnesia {unknown}
 d - 5 scrolls of identify {unknown}
 f - 2 scrolls of remove curse {unknown}
Potions
 g - a potion of brilliance {unknown}
 q - 8 potions of blood


   Skills:
 + Level 3.0 Fighting
 * Level 3.7 Long Blades
 * Level 4.1 Dodging
 + Level 3.7 Stealth


You had 2 spell levels left.
You didn't know any spells.
Your spell library was empty.

Dungeon Overview and Level Annotations

Branches:
Dungeon (2/15)

Altars:


Innate Abilities, Weirdness & Mutations

Your natural rate of healing is unusually fast.
You have razor-sharp teeth.
You have supernaturally acute eyesight. (SInv)
You can survive without breathing.


Message History

You hit the worm but do no damage.
The worm is heavily wounded.
The worm bites you but does no damage.
You slash the worm!
The worm is almost dead.
You hit the worm but do no damage.
The worm is almost dead.
The worm bites you!
* * * LOW HITPOINT WARNING * * *
Unknown command.
You barely miss the worm.
The worm is almost dead.
You hit the worm.
The worm is almost dead.
The worm bites you.
* * * LOW HITPOINT WARNING * * *
You barely miss the worm.
The worm is almost dead.
The worm bites you!
You die...

########## ##........##
.####...####...#######
#.....#..<...........#
#..@###....#####.# #.
##w## #.#.## #.# #.# .
#.####.#.# #.# ... .
.......#.######.###
#.###.
##.##..##.#.........
#...#
#.##..##.#.########
#..# #.##..##.#.##
#..#####.##..##....##
#.
#..........รท........##


You could see a worm.

Vanquished Creatures
  4 adders (D:2)
  A dart slug (D:2)
  A leopard gecko (D:2)
  4 hobgoblins
  A quokka (D:2)
  A ball python (D:2)
  3 bats (D:1)
  4 frilled lizards
  6 goblins
  A kobold (D:2)
  2 rats
28 creatures vanquished.

Notes
Turn   | Place    | Note
-------+----------+-------------------------------------------
     0 | D:1      | Anon1729 the Vampire Monk began the quest for the Orb.
     0 | D:1      | Reached XP level 1. HP: 17/17 MP: 1/1
   316 | D:1      | Reached XP level 2. HP: 20/23 MP: 2/2
   746 | D:2      | Found a faded altar of an unknown god.
  1060 | D:2      | Reached XP level 3. HP: 18/28 MP: 3/3
  1568 | D:2      | Reached skill level 4 in Dodging
  1702 | D:2      | Slain by a worm

Levels and vault maps discovered:
D:1:      lemuel_arrival_broad_hall, layout_loops_ring, minmay_misc_feat_columns
D:2:      layout_loops_ring, marbit_many_paths,
          chequers_ecumenical_altar_simple, due_unseen_surprise

Skill      XL: |  1  2  3 |
---------------+----------+-----
Fighting       | 3 |  3.0
Dodging        | 4 |  4.1
Long Blades    | |  3.7
Stealth        | |  3.7

Action                   || total
-------------------------++-------
Melee: Falchion          ||   118
       Bite              ||    11
  Use: Potion            ||     6
 Stab: Sleeping          ||     5
  Eat: Corpse            ||     1
Armor: Robe              ||    18
Dodge: Dodged            ||    68
       Rpst.: Falchion   ||    19

Table legend:
 A = Non-vault XP
 B = Vault XP
 C = Vault XP percentage of total XP
 D = Non-vault monster count
 E = Vault monster count
 F = Vault count percentage of total count
                 A         B        C        D         E       F
            +---------+---------+-------+---------+---------+-------
      Total |      91 |       0 |   0.0 |      28 |       0 |   0.0
            +---------+---------+-------+---------+---------+-------
        D:1 |      18 |       0 |   0.0 |      13 |       0 |   0.0
        D:2 |      73 |       0 |   0.0 |      15 |       0 |   0.0
            +---------+---------+-------+---------+---------+-------
